 Dungeon Crawl Stone Soup version 0.20.1-1-g8b1a95d (webtiles) character file.

191 smedtjen the Skirmisher (level 5, 0/42 HPs)
             Began as a Demonspawn Abyssal Knight on Nov 10, 2017.
             Was a Believer of Lugonu.
             Succumbed to a worker ant's poison
             ... on level 5 of the Dungeon.
             The game lasted 00:11:38 (2878 turns).

smedtjen the Skirmisher (Demonspawn Abyssal Knight) Turns: 2878, Time: 00:11:38

Health: 0/42       AC: 11    Str: 11 (14) XL:     5   Next: 42%
Magic:  6/6        EV:  2    Int: 11 (13) God:    Lugonu [**....]
Gold:   48         SH:  0    Dex: 11 (12) Spells: 4/4 levels left

rFire    . . .     SeeInvis .   a - +1 spear
rCold    . . .     Gourm    .   (no shield)
rNeg     . . .     Faith    .   e - +0 plate armour
rPois    .         Spirit   .   (helmet restricted)
rElec    .         Reflect  .   (no cloak)
rCorr    .         Harm     .   (no gloves)
MR       .....                  (no boots)
Stlth    ..........             (no amulet)
Regen    0.2/turn               (no ring)
MPRegen  0.1/turn               (no ring)

@: lethally poisoned (0 -> -13)
A: antennae 1, powered by pain 1, rot immunity
a: Depart the Abyss, Bend Space, Renounce Religion


You were on level 5 of the Dungeon.
You worshipped Lugonu.
Lugonu was pleased with you.
You were hungry.

You visited 1 branch of the dungeon, and saw 5 of its levels.
You visited the Abyss 1 time.

You collected 48 gold pieces.

Inventory:

Hand Weapons
 a - a +1 spear (weapon)
 s - a +1 vampiric whip
Missiles
 r - 21 sling bullets (quivered)
Armour
 b - a +0 leather armour
 d - a +0 ring mail
 e - a +0 plate armour (worn)
 p - a +0 robe
Scrolls
 f - a scroll of remove curse
 k - 4 scrolls of identify
 m - a scroll of amnesia
Potions
 l - a potion of resistance {unknown}
 n - a potion of lignification {unknown}
Comestibles
 c - 4 bread rations
 g - 2 meat rations


   Skills:
 + Level 4.2 Fighting
 + Level 3.8 Polearms
 + Level 2.6 Armour
 + Level 1.0 Dodging
 + Level 0.2 Stealth
 + Level 2.4 Invocations


You had 4 spell levels left.
You didn't know any spells.

Dungeon Overview and Level Annotations

Branches:
Dungeon (5/15)
 Temple: D:4-7

Altars:
Dithmenos
Fedhas
Okawaru

Shops:
D:4 ?

Annotations:
D:2 Natasha
D:4 Edmund


Innate Abilities, Weirdness & Mutations

You have a pair of small antennae on your head.
You sometimes gain a little power by taking damage.
You are immune to rotting.


Message History

The acid burns!
* * * LOW HITPOINT WARNING * * *
Okay, then.
* * * LOW HITPOINT WARNING * * *
You feel sick.
The worker ant bites you but does no damage.
* * * LOW HITPOINT WARNING * * *
You feel sick.
Found a plate armour.
You are feeling hungry.
* * * LOW HITPOINT WARNING * * *
You feel sick. The worker ant bites you.
* * * LOW HITPOINT WARNING * * *
You are more poisoned.
The worker ant poisons you!
* * * LOW HITPOINT WARNING * * *
You feel sick.
* * * LOW HITPOINT WARNING * * *
You feel sick.
You die...

#.#
#.##..P.≈≈≈♣≈≈.♣.# .
#.####..P.♣≈≈..P#
... ###......♣ .
#..########..##
..#............#####
#..########.........
##..[######.########
#.........J.#####
#..@.a.........
###############


You could see a jelly and a worker ant.

Vanquished Creatures
  A bullfrog zombie (D:5)
  An orc priest (D:3)
  Jessica (D:3)
  2 adders
  A worm (D:3)
  4 dart slugs
  3 leopard geckos
  14 orcs (D:3)
  9 bats
  2 giant cockroaches
  3 goblins
  3 hobgoblins
  A ball python (D:2)
  5 frilled lizards
  6 kobolds
  5 rats
61 creatures vanquished.

Notes
Turn   | Place    | Note
-------+----------+-------------------------------------------
     0 | Abyss:1  | smedtjen the Demonspawn Abyssal Knight began the quest for the Orb.
     0 | Abyss:1  | Reached XP level 1. HP: 18/18 MP: 2/2
    30 | Abyss:1  | Noticed a large abomination
    30 | D:1      | Escaped the Abyss
   431 | D:1      | Gained mutation: You are immune to rotting. [demonic ancestry]
   431 | D:1      | Reached XP level 2. HP: 21/24 MP: 3/3
   505 | D:1      | Reached skill level 1 in Dodging
   513 | D:1      | Reached * piety under Lugonu
   946 | D:2      | Gained mutation: You sometimes gain a little power by taking damage. [demonic ancestry]
   946 | D:2      | Reached XP level 3. HP: 30/30 MP: 4/4
  1290 | D:2      | Noticed Natasha
  1562 | D:3      | Reached skill level 4 in Fighting
  1562 | D:3      | Gained mutation: You have a pair of small antennae on your head. [demonic ancestry]
  1562 | D:3      | Reached XP level 4. HP: 14/37 MP: 5/5
  1991 | D:3      | Noticed Jessica
  2004 | D:3      | Killed Jessica
  2186 | D:3      | Reached XP level 5. HP: 35/42 MP: 6/6
  2192 | D:3      | Found a shadowy altar of Dithmenos.
  2192 | D:3      | Found a faded altar of an unknown god.
  2201 | D:3      | Found a blossoming altar of Fedhas.
  2204 | D:3      | Found an iron altar of Okawaru.
  2206 | D:3      | Found a faded altar of an unknown god.
  2494 | D:3      | Reached ** piety under Lugonu
  2636 | D:4      | Noticed Edmund
  2646 | D:5      | Entered Level 5 of the Dungeon
  2667 | D:4      | Found Laobb's Magic Scroll Shoppe.
  2877 | D:5      | HP: 2/42 [poisoned by a worker ant]
  2878 | D:5      | Succumbed to a worker ant's poison

Skill      XL: |  1  2  3  4 |
---------------+-------------+-----
Polearms       | 2 3 |  3.8
Dodging        | 1 |  1.0
Armour         | 2 |  2.6
Fighting       | 4 |  4.2
Stealth        | |  0.2
Invocations    | |  2.4

Action                   |  1- 3 |  4- 6 || total
-------------------------+-------+-------++-------
Melee: Spear             |   140 |   130 ||   270
Invok: Depart the Abyss  |     1 |       ||     1
  Use: Scroll            |     1 |     3 ||     4
       Potion            |       |     5 ||     5
  Eat: Meat ration       |     1 |       ||     1
       Chunk             |     1 |       ||     1
Armor: Plate armour      |    79 |    60 ||   139
       Leather armour    |     5 |       ||     5
Dodge: Dodged            |    23 |    24 ||    47
